 Dungeon Sprint DCSS version 0.28-a0-794-gafe8c5f9e9 (webtiles) character file.

Game seed: 5704773738616692909

21189 mhtbhm the Impregnable (level 12, -12/128 HPs)
             Began as a Minotaur Fighter on Nov 6, 2021.
             Was the Champion of Okawaru.
             Mangled by a tengu reaver (20 damage)
             ... in the Dungeon (Sprint IX: "|||||||||||||||||||||||||||||").
             The game lasted 00:06:57 (4266 turns).

mhtbhm the Impregnable (Minotaur Fighter)           Turns: 4266, Time: 00:06:57

Health: -12/128    AC: 32    Str: 29    XL:     12   Next: 52%
Magic:  17/19      EV: 12    Int:  5    God:    Okawaru [******]
Gold:   772        SH:  8    Dex: 18    Spells: 11/11 levels left

rFire   x . .      SeeInvis .   a - +2 morningstar (protect)
rCold   + + .      Faith    .   c - +0 buckler
rNeg    . . .      Spirit   .   b - +1 ice dragon scales "Ukakk" {rPois rF- rC++ Dex+5}
rPois   +          Reflect  .   t - +2 hat
rElec   .          Harm     .   (no cloak)
rCorr   .          Rampage  .   i - +0 pair of gloves
Will    .....      NoTele   +   n - +1 pair of boots
Stlth   ..........              (no amulet)
HPRegen 0.31/turn               o - +3 ring of strength
MPRegen 0.16/turn               p - +3 ring of dexterity

@: under a protective aura
A: horns 2, retaliatory headbutt
a: Renounce Religion, Heroism, Finesse


You were in the Dungeon.
You worshipped Okawaru.
Okawaru was exalted by your worship.
You visited 1 branch You collected 1951 gold pieces.
You spent 1179 gold pieces at shops.

Inventory:

Hand Weapons
 a - a +2 morningstar of protection (weapon)
Armour
 b - the +1 ice dragon scales "Ukakk" (worn) {rPois rF- rC++ Dex+5}
   (You bought it in a shop in the Dungeon)

   Dex:       It affects your dexterity (+5).
   rF:        It makes you vulnerable to fire.
   rC:        It greatly protects you from cold.
   rPois:     It protects you from poison.
 c - a +0 buckler (worn)
 i - a +0 pair of gloves (worn)
 n - a +1 pair of boots (worn)
 t - a +2 hat (worn)
Jewellery
 o - a +3 ring of strength (left hand)
 p - a +3 ring of dexterity (right hand)
 y - a ring of protection from cold
 z - a ring of willpower
 A - a ring of positive energy
 B - a ring of poison resistance
Wands
 m - a wand of iceblast (7)
Scrolls
 j - 2 scrolls of blinking
 k - 4 scrolls of enchant armour
 l - 2 scrolls of amnesia
 q - 6 scrolls of enchant weapon
 r - a scroll of fear
 u - a scroll of silence {unknown}
 v - a scroll of identify {unknown}
 w - a scroll of magic mapping {unknown}
 x - 2 scrolls of fog
Potions
 d - a potion of resistance
 e - 4 potions of curing
 f - 5 potions of heal wounds
 g - 2 potions of haste
 h - 4 potions of magic
 s - a potion of lignification {unknown}
 C - 2 potions of brilliance
 D - a potion of might


   Skills:
 + Level 18.5 Fighting
 + Level 19.9 Maces & Flails
 + Level 21.1 Armour
 + Level 2.9 Dodging
 - Level 1.3 Stealth
 + Level 13.5 Shields
 * Level 11.5 Invocations
 + Level 0.4 Evocations


You had 11 spell levels left.
You didn't know any spells.
Your spell library was empty.

Dungeon Overview and Level Annotations

Branches:
Dungeon (1/1)

Altars:
Cheibriados
Dithmenos
Elyvilon
Fedhas
Gozag
Hepliaklqana
Kikubaaqudgha
Makhleb
Nemelex Xobeh
Okawaru
Qazlal
Ru
Sif Muna
Trog
Uskayaw
Vehumet
Wu Jian
Xom
Yredelemnul
Zin
The Shining One
Beogh
Jiyva
Lugonu

Shops:
D [*[(


Innate Abilities, Weirdness & Mutations

You have a pair of horns on your head.
You reflexively headbutt those who attack you in melee.


Message History

The tengu reaver claws you!
You miss the tengu reaver. Your headbutt misses the tengu reaver.
You hit the tengu reaver. Your headbutt misses the tengu reaver.
The tengu reaver is lightly wounded.
The tengu reaver casts a spell at you. The bolt of cold misses you.
Unknown command.
You thump the tengu reaver!
The tengu reaver is lightly wounded.
The tengu reaver hits you with a +0 great sword.
The tengu reaver pecks you. The tengu reaver claws you.
You sock the tengu reaver!
You headbutt the tengu reaver, but do no damage.
The tengu reaver is moderately wounded.
You bludgeon the tengu reaver!!
You headbutt the tengu reaver, but do no damage.
The tengu reaver is heavily wounded.
The tengu reaver points at you and mumbles some strange words.
The bolt of lightning misses you.
You closely miss the tengu reaver. You headbutt the tengu reaver!
The tengu reaver is severely wounded.
The tengu reaver casts a spell at you. The bolt of lightning hits you.
You hit the tengu reaver. You headbutt the tengu reaver.
The tengu reaver is almost dead.
You miss the tengu reaver.
You headbutt the tengu reaver, but do no damage.
The tengu reaver is almost dead.
The tengu reaver hits you with a +0 great sword!
The tengu reaver pecks you but does no damage.
You block the tengu reaver's attack.
You miss the tengu reaver.
The tengu reaver is almost dead.
The tengu reaver gestures at you while chanting.
The bolt of lightning hits you!!
* * * LOW HITPOINT WARNING * * *
You barely miss the tengu reaver.
The tengu reaver is almost dead.
The tengu reaver hits you with a +0 great sword!!
You die...

▓'▓.▓'▓)▓)▓.▓.▓
▓.▓.▓.▓.▓)▓.▓'▓
▓.▓.▓.▓.▓)▓.▓)▓
▓)▓.▓[▓.▓)▓.▓)▓
▓.▓.▓.▓.▓)▓.▓)▓
▓.▓.▓.▓.▓∩▓.▓)▓
▓[▓.▓.▓.▓.▓.▓.▓
▓[▓.▓.▓.▓∩▓.▓.▓
▓.▓.▓.▓.▓.▓.▓@▓
▓.▓.▓.▓.▓∩▓.▓Q▓
▓'▓.▓.▓.▓)▓.▓u▓
▓)▓.▓|▓.▓∩▓.▓C▓
▓)▓.▓.▓.▓.▓.▓u▓
▓)▓.▓'▓.▓.▓.▓C▓
▓)▓.▓.▓.▓.▓.▓u▓
▓.▓.▓.▓.▓.▓.▓C▓
▓.▓.▓[▓.▓.▓.▓


You could see 2 very ugly things, a fire giant, a stone giant, a tengu reaver, a
brown ugly thing and an ettin.

Vanquished Creatures
  A hydra (D)
  5 centaur warriors (D)
  A two-headed ogre (D)
  4 death yaks (D)
  2 catoblepae (D)
  A tengu warrior (D)
  A skeletal warrior (D)
  11 orc knights (D)
  A deep elf pyromancer (D)
  An ugly thing (D)
  2 elephants (D)
  6 cane toads (D)
  A komodo dragon (D)
  A blink frog (D)
  A slime creature (D)
  A spriggan (shapeshifter) (D)
  Grum (D)
  5 yaks (D)
  2 basilisks (D)
  2 water moccasins (D)
  18 orc warriors (D)
  A necrophage (D)
  4 wolves (D)
  2 centaurs (D)
  A bullfrog (D)
  A killer bee (D)
  2 orc priests (D)
  2 iguanas (D)
  3 orc wizards (D)
  7 orcs (D)
  A ball python (D)
  A giant cockroach (D)
  A goblin (D)
  A jackal (D)
  A kobold (D)
  A ball python zombie (D)
  A rat (D)
98 creatures vanquished.

Notes
Turn   | Place    | Note
-------+----------+-------------------------------------------
     0 | D        | mhtbhm the Minotaur Fighter began the quest for the Orb.
     0 | D        | Reached XP level 1. HP: 19/19 MP: 0/0
     9 | D        | Reached skill level 4 in Armour
    97 | D        | Noticed an iguana
    97 | D        | Noticed an iguana
    97 | D        | Noticed a necrophage
    99 | D        | Killed an iguana
   100 | D        | Reached skill level 5 in Fighting
   100 | D        | Reached skill level 5 in Armour
   100 | D        | Reached skill level 5 in Shields
   100 | D        | Reached XP level 2. HP: 29/29 MP: 1/1
   100 | D        | Reached XP level 3. HP: 36/36 MP: 2/2
   116 | D        | Killed a necrophage
   117 | D        | Reached skill level 7 in Armour
   117 | D        | Reached XP level 4. HP: 21/47 MP: 3/3
   117 | D        | Reached XP level 5. HP: 24/52 MP: 4/4
   292 | D        | Found a snail-covered altar of Cheibriados.
   292 | D        | Found a shadowy altar of Dithmenos.
   292 | D        | Found a white marble altar of Elyvilon.
   292 | D        | Found a blossoming altar of Fedhas.
   292 | D        | Found an opulent altar of Gozag.
   293 | D        | Found a hazy altar of Hepliaklqana.
   294 | D        | Found a viscous altar of Jiyva.
   295 | D        | Found an ancient bone altar of Kikubaaqudgha.
   296 | D        | Found a corrupted altar of Lugonu.
   297 | D        | Found a burning altar of Makhleb.
   298 | D        | Found a sparkling altar of Nemelex Xobeh.
   299 | D        | Found an iron altar of Okawaru.
   300 | D        | Found a stormy altar of Qazlal.
   301 | D        | Found a sacrificial altar of Ru.
   302 | D        | Found a shimmering blue altar of Sif Muna.
   303 | D        | Found a bloodstained altar of Trog.
   304 | D        | Found a hide-covered altar of Uskayaw.
   305 | D        | Found a radiant altar of Vehumet.
   306 | D        | Found an ornate altar of the Wu Jian Council.
   307 | D        | Became a worshipper of Warmaster Okawaru
   308 | D        | Found a shimmering altar of Xom.
   309 | D        | Found a basalt altar of Yredelemnul.
   310 | D        | Found a glowing silver altar of Zin.
   311 | D        | Found a glowing golden altar of the Shining One.
   358 | D        | Noticed a yak
   358 | D        | Noticed an orc warrior
   358 | D        | Noticed a centaur
   358 | D        | Noticed a centaur
   370 | D        | Killed a yak
   371 | D        | Reached skill level 8 in Armour
   371 | D        | Reached XP level 6. HP: 39/62 MP: 5/5
   373 | D        | Killed an orc warrior
   374 | D        | Reached skill level 9 in Armour
   375 | D        | Reached * piety under Okawaru
   376 | D        | Reached skill level 10 in Maces & Flails
   379 | D        | Reached skill level 10 in Armour
   379 | D        | Reached XP level 7. HP: 29/71 MP: 6/6
   381 | D        | Reached skill level 10 in Fighting
   575 | D        | Noticed a two-headed ogre
   575 | D        | Noticed a centaur warrior
   575 | D        | Noticed a centaur warrior
   575 | D        | Noticed a slime creature
   575 | D        | Noticed a centaur warrior
   575 | D        | Noticed a purple ugly thing
   579 | D        | Killed a two-headed ogre
   579 | D        | Reached ** piety under Okawaru
   580 | D        | Reached skill level 12 in Armour
   580 | D        | Reached XP level 8. HP: 82/82 MP: 7/7
   586 | D        | Killed a centaur warrior
   586 | D        | Reached *** piety under Okawaru
   587 | D        | Reached skill level 13 in Armour
   592 | D        | Killed a centaur warrior
   592 | D        | Reached **** piety under Okawaru
   593 | D        | Reached skill level 14 in Armour
   593 | D        | Reached XP level 9. HP: 58/91 MP: 8/8
   643 | D        | Reached skill level 15 in Maces & Flails
   643 | D        | Reached skill level 1 in Dodging
   643 | D        | Reached skill level 10 in Shields
   652 | D        | Killed a centaur warrior
   653 | D        | Reached skill level 15 in Armour
   656 | D        | Killed a purple ugly thing
   656 | D        | Reached ***** piety under Okawaru
   657 | D        | Reached skill level 1 in Stealth
  1001 | D        | Noticed a cane toad
  1005 | D        | Reached skill level 1 in Invocations
  1006 | D        | Noticed a cane toad
  1012 | D        | Killed a cane toad
  1013 | D        | Reached XP level 10. HP: 101/101 MP: 8/10
  1021 | D        | Reached skill level 16 in Armour
  1026 | D        | Killed a cane toad
  1026 | D        | Identified the +1 great mace of the People {speed, Str-3
                  | Dex+7} (Okawaru gifted it to you in the Dungeon)
  1026 | D        | Received a gift from Okawaru
  1130 | D        | Noticed a cane toad
  1130 | D        | Noticed a cane toad
  1130 | D        | Noticed a cane toad
  1130 | D        | Noticed an elephant
  1130 | D        | Noticed a cane toad
  1136 | D        | Killed a cane toad
  1139 | D        | Killed a cane toad
  1141 | D        | Noticed an elephant
  1145 | D        | Killed a cane toad
  1146 | D        | Reached skill level 5 in Invocations
  1149 | D        | Killed an elephant
  1150 | D        | Reached skill level 17 in Armour
  1152 | D        | Killed a cane toad
  1164 | D        | Killed an elephant
  1461 | D        | Noticed a death yak
  1461 | D        | Noticed a death yak
  1461 | D        | Noticed a catoblepas
  1461 | D        | Noticed a death yak
  1467 | D        | Killed a death yak
  1467 | D        | Identified the +11 mace "Arbiter" {freeze, Int+2 Dex+4
                  | SInv} (Okawaru gifted it to you in the Dungeon)
  1467 | D        | Received a gift from Okawaru
  1468 | D        | Reached skill level 15 in Fighting
  1468 | D        | Reached XP level 11. HP: 109/112 MP: 13/15
  1469 | D        | Noticed a death yak
  1476 | D        | Killed a death yak
  1480 | D        | Killed a catoblepas
  1481 | D        | Reached skill level 18 in Armour
  1491 | D        | Noticed a catoblepas
  1500 | D        | Killed a death yak
  1794 | D        | Killed a death yak
  1794 | D        | Received a gift from Okawaru
  1808 | D        | Killed a catoblepas
  1808 | D        | Reached ****** piety under Okawaru
  1992 | D        | Noticed Grum
  2000 | D        | Killed Grum
  2142 | D        | Noticed an orc knight
  2157 | D        | Killed an orc knight
  2158 | D        | Reached skill level 19 in Armour
  2333 | D        | Noticed an orc knight
  2341 | D        | Noticed an orc knight
  2345 | D        | Killed an orc knight
  2350 | D        | Noticed an orc knight
  2360 | D        | Killed an orc knight
  2674 | D        | Killed an orc knight
  3346 | D        | Found Jawkucwa's Armour Emporium.
  3346 | D        | Noticed an orc knight
  3346 | D        | Noticed an orc knight
  3346 | D        | Noticed an orc knight
  3347 | D        | Noticed an orc knight
  3353 | D        | Killed an orc knight
  3357 | D        | Killed an orc knight
  3358 | D        | Reached skill level 20 in Armour
  3358 | D        | Found Vitsil's Assorted Antiques.
  3368 | D        | Killed an orc knight
  3369 | D        | Reached skill level 10 in Invocations
  3369 | D        | Reached XP level 12. HP: 71/125 MP: 11/18
  3371 | D        | Found Moiwovu's Antique Armour Emporium.
  3702 | D        | Found Qunamuir's Antique Weapon Shoppe.
  3732 | D        | Received a gift from Okawaru
  4007 | D        | Bought an embroidered hat for 196 gold pieces
  4021 | D        | Bought the +1 ice dragon scales "Ukakk" {rPois rF- rC++
                  | Dex+5} for 867 gold pieces
  4033 | D        | Bought a scroll labelled FESSOI ITIMESO for 29 gold pieces
  4033 | D        | Bought a scroll labelled QANOMACSUL for 29 gold pieces
  4033 | D        | Bought a scroll labelled XUCKUW XO YVU for 29 gold pieces
  4033 | D        | Bought a scroll labelled ROKHLU KUNOT for 29 gold pieces
  4188 | D        | Noticed a centaur warrior
  4188 | D        | Noticed a centaur warrior
  4188 | D        | Noticed a tengu warrior
  4194 | D        | Killed a centaur warrior
  4195 | D        | Noticed a five-headed hydra
  4199 | D        | Killed a centaur warrior
  4200 | D        | Noticed a tengu reaver
  4216 | D        | Noticed an ettin
  4229 | D        | Killed a tengu warrior
  4230 | D        | Reached skill level 21 in Armour
  4232 | D        | Noticed a red very ugly thing
  4240 | D        | Noticed a stone giant
  4249 | D        | Noticed a red very ugly thing
  4254 | D        | Killed a five-headed hydra
  4256 | D        | Noticed a fire giant
  4266 | D        | Mangled by a tengu reaver

Illustrated notes

Levels and vault maps discovered:
D:        linesprint [early_d, line_temple, items_1, d_10, items_2, lair_1,
          lair_end, items_3, orc_1, orc_end, items_4, d_15, swamp_1, shoals_1,
          snake_1, spider_1, d_20, vaults_1, items_5, swamp_end, shoals_end,
          snake_end, spider_end, vaults_end, d_27, items_6, zot_1, zot_end,
          crypt_end, forest_end, elf_end, slime_end, tomb_end, abyss_end,
          pan_hell_end]

Skill      XL: |  1  2  3  4  5  6  7  8  9 10 11 12 |
---------------+-------------------------------------+-----
Fighting       | 5 7 8 9 11 12 13 15 17 18 | 18.5
Armour         | 5 7 8 10 12 14 15 17 20 21 | 21.1
Shields        | 5 6 7 8 9 10 11 12 13 | 13.5
Maces & Flails | 4 6 8 10 12 14 16 17 19 | 19.9
Dodging        | 1 2 |  2.9
Stealth        | 1 |  1.3
Invocations    | 2 6 10 11 | 11.5
Evocations     | |  0.4

Action                   |  1- 3 |  4- 6 |  7- 9 | 10-12 || total
-------------------------+-------+-------+-------+-------++-------
Melee: Flail             |    31 |     3 |       |       ||    34
       Headbutt          |     5 |     8 |    14 |   101 ||   128
       Morningstar       |       |    16 |    41 |   132 ||   189
       Mace              |       |       |       |   191 ||   191
Invok: Heroism           |       |       |       |     3 ||     3
       Finesse           |       |       |       |     2 ||     2
Evoke: Wand              |       |       |       |     3 ||     3
  Use: Potion            |       |       |     5 |     4 ||     9
       Scroll            |       |       |       |     2 ||     2
 Stab: Invisible         |       |       |     2 |       ||     2
       Petrified         |       |       |       |     4 ||     4
       Petrifying        |       |       |       |     1 ||     1
Armor: Scale mail        |    12 |       |       |       ||    12
       Plate armour      |       |    11 |    33 |    57 ||   101
       Ice dragon scales |       |       |       |    31 ||    31
Dodge: Dodged            |     7 |    11 |    15 |    60 ||    93
Block: Buckler           |     8 |     2 |    13 |    60 ||    83

Table legend: (Time is in decaauts)
 A = Elapsed time spent in this place.
 B = Non-inter-level travel time spent in this place.
 C = Inter-level travel time spent in this place.
 D = Time resting spent in this place.
 E = Time spent auto-exploring this place.
 F = Levels seen in this place.
 G = Mean time per level.
                   A        B        C        D        E       F      G
               +--------+--------+--------+--------+--------+-----+--------+
         Total |   4158 |   4158 |      0 |   1393 |   1524 |   1 | 4158.0 |
       Dungeon |   4158 |   4158 |      0 |   1393 |   1524 |   1 | 4158.0 |
               +--------+--------+--------+--------+--------+-----+--------+

Top non-repeatable levels by time:
       D: 4158 daAuts
